 Dungeon Crawl Stone Soup version 0.30.0-19-g36f170ea60 (webtiles) character file.

Game seed: 2636040393193922547

125 BlasphemerAmon the Stinger (level 5, 0/31 HPs)
             Began as an Octopode Venom Mage on May 28, 2023.
             Frozen to death by an endoplasm (1 damage)
             ... on level 2 of the Dungeon.
             The game lasted 00:03:14 (2087 turns).

BlasphemerAmon the Stinger (Octopode Venom Mage)    Turns: 2087, Time: 00:03:14

Health: 0/31       AC:  1    Str:  6 (7)  XL:     5   Next: 9%
Magic:  4/9        EV: 13    Int: 16 (19) God:
Gold:   108        SH:  0    Dex: 12 (13) Spells: 6/9 levels left

rFire   . . .        o - +0 rapier (spect)
rCold   + . .        (no shield)
rNeg    . . .        (helmet restricted)
rPois   .            (no amulet)
rElec   .            b - ring of flight {+Fly}
rCorr   .            C - ring of protection from cold {rC+}
SInv    .            (no ring)
Will    .....        (no ring)
Stlth   ++++         (no ring)
HPRegen 0.25/turn    (no ring)
MPRegen 0.11/turn    (no ring)
                     (no ring)

%: no passive effects
@: lethally poisoned (0 -> -9), flying
A: almost no armour, amphibious, 8 rings, camouflage 1, gelatinous body 1,
(nimble swimmer 1), tentacles
a: no special abilities


You were on level 2 of the Dungeon.
You visited 1 branch of the dungeon, and saw 2 of its levels.

You collected 108 gold pieces.

Inventory:

Hand Weapons
 d - a +0 dagger
   (You found it on level 1 of the Dungeon)
 f - a +0 dagger of electrocution
   (You took it off a goblin on level 1 of the Dungeon)
 o - a +0 spectral rapier (weapon)
   (You took it off a kobold on level 2 of the Dungeon)
Missiles
 h - 2 throwing nets {=f, !d}
Jewellery
 b - a ring of flight (left tentacle) {+Fly}
   (You found it on level 1 of the Dungeon)
 C - a ring of protection from cold (right tentacle) {rC+}
   (You found it on level 1 of the Dungeon)
Scrolls
 c - 2 scrolls of teleportation {!r!d, @r3}
 m - a scroll of enchant armour
Potions
 a - 2 potions of magic
 e - a potion of haste {unknown}


   Skills:
 + Level 2.8 Dodging
 * Level 4.5 Stealth
 + Level 2.7 Spellcasting
 - Level 1.0 Transmutations
 * Level 4.8 Poison Magic


You had 6 spell levels left.
You knew the following spells:

 Your Spells              Type           Power      Damage    Failure   Level
a - Sting                 Tmut/Pois      44%        1d5       6%          1
b - Poisonous Vapours     Pois/Air       18%        N/A       11%         2

Your spell library contained the following spells:

 Spells                   Type           Power      Damage    Failure   Level
 Olgreb's Toxic Radiance  Pois           17%        N/A       26%         4
 Mephitic Cloud           Conj/Pois/Air  7%         N/A       30%         3


Dungeon Overview and Level Annotations

Branches:
Dungeon (2/15)

Altars:


Innate Abilities, Weirdness & Mutations

You cannot wear most types of armour.
You are amphibious.
You can wear up to eight rings at the same time.
Your skin changes colour to match your surroundings (Stealth+).
Your rubbery body absorbs attacks. (AC +1, EV +1)
((You are camouflaged when in or above water. (Stealth+)))
You have tentacles for arms and can constrict up to eight enemies at once.


Message History

You hit the adder. Your grab misses the adder.
Your +0 spectral rapier hits the adder.
The adder bites you. The adder barely misses you. The adder closely misses you.
You take 4 damage, and have 23/27 hp.
You barely miss the adder. You grab the adder.
Your tentacle-slap misses the adder.
Your +0 spectral rapier hits the adder.
You constrict the adder. The adder bites you.
You are poisoned.
The adder poisons you!
The adder misses your +0 spectral rapier.
The adder misses you. The endoplasm closely misses you.
The kobold closely misses you.
You take 2 damage, and have 21/27 hp.
You hit the adder.
Your +0 spectral rapier hits the adder but does no damage.
You constrict the adder.
You kill the adder!
You feel sick. The adder bites you but does no damage. The endoplasm hits you.
The kobold hits you with a +0 dagger of venom.
The adder bites you.
You are more poisoned.
The adder poisons you!
You have reached level 5!
You feel agile.
You take 3 damage, and have 18/31 hp.
You hit the adder. Your grab misses the adder.
Your +0 spectral rapier hits the adder but does no damage.
You feel very sick. The endoplasm hits you.
The kobold hits you but does no damage.
You are lethally poisoned!
The adder misses you.
You take 4 damage, and have 14/31 hp.
You barely miss the adder. You grab the adder.
Your +0 spectral rapier hits the adder.
You constrict the adder.
You feel very sick. The adder misses you. The endoplasm hits you.
* * * LOW HITPOINT WARNING * * *
The kobold hits you with a +0 dagger of venom.
* * * LOW HITPOINT WARNING * * *
You are more poisoned.
The adder bites you.
* * * LOW HITPOINT WARNING * * *
You take 8 damage, and have 6/31 hp.
MASSIVE DAMAGE!!
It was a potion of curing.
You feel better.
Your +0 spectral rapier disappears.
You constrict the adder. The kobold barely misses you.
The endoplasm closely misses you. The adder bites you.
You are poisoned.
The adder poisons you!
You regained 7 hp, and now have 13/31 hp.
Casting: Sting (safe; 4% risk of failure)
Aiming: Sting (safe; 4% risk of failure)
Aim: an endoplasm (98% to hit)
The sting hits the endoplasm.
The endoplasm partially resists.
You constrict the adder.
You feel sick. The kobold closely misses you.
The endoplasm jiggles.
The endoplasm completely misses you. The adder bites you.
* * * LOW HITPOINT WARNING * * *
You take 4 damage, and have 9/31 hp.
You now have 6/9 mp.
Casting: Sting (safe; 4% risk of failure)
Aiming: Sting (safe; 4% risk of failure)
Aim: an endoplasm (moderately wounded, 98% to hit)
The sting hits the endoplasm.
The endoplasm partially resists.
You constrict the adder.
You kill the adder!
You feel sick. The kobold closely misses you. The endoplasm hits you.
* * * LOW HITPOINT WARNING * * *
You take 4 damage, and have 5/31 hp.
You now have 5/9 mp.
You feel better.
The kobold hits you with a +0 dagger of venom.
You are poisoned.
The endoplasm freezes you.
You are frozen.
You resist.
You regained 7 hp, and now have 12/31 hp.
Casting: Sting (safe; 4% risk of failure)
Aiming: Poisonous Vapours (safe; 9% risk of failure)
Aim: a kobold, wielding a +0 dagger of venom Poisonous vapours surround the kobold!
The kobold is poisoned.
* * * LOW HITPOINT WARNING * * *
You feel very sick. The kobold closely misses you. The endoplasm hits you.
* * * LOW HITPOINT WARNING * * *
You take 5 damage, and have 7/31 hp.
You now have 3/9 mp.
You hit the kobold but do no damage. Your grab misses the kobold.
Your +0 spectral rapier misses the kobold.
* * * LOW HITPOINT WARNING * * *
You feel very sick.
The kobold hits you with a +0 dagger of venom.
* * * LOW HITPOINT WARNING * * *
You are more poisoned.
The endoplasm completely misses you.
You take 4 damage, and have 3/31 hp.
It was a potion of degeneration.
There was something very wrong with that liquid.
You feel weakened.
You feel dopey.
You feel clumsy.
Your +0 spectral rapier disappears.
* * * LOW HITPOINT WARNING * * *
You feel sick. The kobold misses you. The endoplasm freezes you.
You are frozen.
You resist.
You die...

********+*** #....
*..........# #...#
*..........# #....
*..........# ##+..
*..........# #...
*..........# #...
*..........# #...
*.......†J.#######**
#...
*.......@†........,*
#..#
*#######.K........,*
#... #..........,*
#... #!.........,*
#... #..........,*
#### #.#########**
#.# #.# #.#


You could see an endoplasm and a kobold (poisoned).

Vanquished Creatures
  A howler monkey (D:2)
  4 adders (D:2)
  2 dart slugs (D:1 D:2)
  4 endoplasms (D:1 D:2)
  7 goblins (D:1 D:2)
  4 hobgoblins (D:1 D:2)
  4 jackals (D:1)
  3 quokkas (D:1 D:2)
  4 ball pythons (D:1)
  A bat (D:1)
  A frilled lizard (D:2)
  5 kobolds (D:1 D:2)
  5 rats (D:1 D:2)
45 creatures vanquished.

Notes
Turn   | Place    | Note
-------+----------+-------------------------------------------
     0 | D:1      | BlasphemerAmon the Octopode Venom Mage began the quest for
                  | the Orb.
     0 | D:1      | Reached XP level 1. HP: 11/11 MP: 3/3
    74 | D:1      | HP: 5/11 [hobgoblin (1)]
   148 | D:1      | HP: 5/11 [ball python (2)]
   211 | D:1      | Reached skill level 3 in Stealth
   211 | D:1      | Reached XP level 2. HP: 14/17 MP: 0/5
   225 | D:1      | HP: 8/17 [constriction (1)]
   600 | D:1      | Reached skill level 4 in Poison Magic
   628 | D:1      | Learned a level 2 spell: Poisonous Vapours
   705 | D:1      | Reached XP level 3. HP: 14/21 MP: 1/6
  1461 | D:2      | Reached XP level 4. HP: 23/27 MP: 1/7
  1709 | D:2      | Reached skill level 4 in Stealth
  1815 | D:2      | Found a faded altar of an unknown god.
  2079 | D:2      | Reached XP level 5. HP: 18/31 MP: 7/9
  2079 | D:2      | HP: 15/31 [poisoned by an adder]
  2080 | D:2      | HP: 7/31 [kobold/+0 dagger of venom (2)]
  2085 | D:2      | HP: 9/31 [poisoned by a kobold]
  2086 | D:2      | HP: 4/31 [poisoned by a kobold]
  2087 | D:2      | HP: 1/31 [poisoned by a kobold]
  2087 | D:2      | Frozen to death by an endoplasm

Illustrated notes

Levels and vault maps discovered:
D:1:      shiori_arrival_elements, layout_basic
D:2:      layout_basic, ebering_ecumenical_altar_ruins, nicolae_half_adder,
          uniq_jessica

Skill      XL: |  1  2  3  4 |
---------------+-------------+-----
Stealth        | 3 4 |  4.5
Poison Magic   | 4 |  4.8
Dodging        | |  2.8
Spellcasting   | |  2.7
Transmutations | |  1.0

Action                     |  1- 3 |  4- 6 || total
---------------------------+-------+-------++-------
  Melee: Unarmed           |    10 |       ||    10
         Constrict         |    12 |     6 ||    18
         Tentacles         |     9 |     2 ||    11
         Punch             |     1 |       ||     1
         Dagger            |    37 |     6 ||    43
         Rapier            |       |    17 ||    17
   Cast: Sting             |    26 |     3 ||    29
         Poisonous Vapours |     9 |     6 ||    15
    Use: Scroll            |     1 |     6 ||     7
         Potion            |       |     3 ||     3
   Stab: Sleeping          |     4 |     1 ||     5
 Armour: Skin              |     6 |     4 ||    10
  Dodge: Dodged            |    32 |    24 ||    56

Levels and vault maps discovered:
D:1:      shiori_arrival_elements, layout_basic
D:2:      layout_basic, ebering_ecumenical_altar_ruins, nicolae_half_adder,
          uniq_jessica

Table legend: (Time is in decaauts)
 A = Elapsed time spent in this place.
 B = Non-inter-level travel time spent in this place.
 C = Inter-level travel time spent in this place.
 D = Time resting spent in this place.
 E = Time spent auto-exploring this place.
 F = Levels seen in this place.
 G = Mean time per level.
                   A        B        C        D        E       F      G
               +--------+--------+--------+--------+--------+-----+--------+
         Total |   2087 |   2080 |      7 |    247 |   1520 |   2 | 1043.5 |
       Dungeon |   2087 |   2080 |      7 |    247 |   1520 |   2 | 1043.5 |
               +--------+--------+--------+--------+--------+-----+--------+

Top non-repeatable levels by time:
     D:1: 1197 daAuts
     D:2: 890 daAuts

Table legend:
 A = Kills in this place as a percentage of kills in the entire game.
 B = Kills by you in this place as a percentage of kills by you in the entire game.
 C = Kills by friends in this place as a percentage of kills by friends in the entire game.
 D = Other kills in this place as a percentage of other kills in the entire game.
 E = Experience gained in this place as a percentage of experience gained in the entire game.
 F = Experience gained in this place divided by the number of levels of this place that you have seen.
                   A       B       C       D       E      F
               +-------+-------+-------+-------+-------+----------------------
         Total | 100.0 | 100.0 |   N/A |   N/A | 100.0 |  89.5
       Dungeon | 100.0 | 100.0 |   N/A |   N/A | 100.0 |  89.5
               +-------+-------+-------+-------+-------+----------------------
